[Event "Team 45 45 League T37"]
[Site "Internet Chess Club"]
[Date "2008.05.24"]
[Round "5"]
[White "expatriot"]
[Black "SWAT-TEAM"]
[Result "1/2-1/2"]
[WhiteElo "2360"]
[BlackElo "2207"]
[Opening "English: symmetrical, hedgehog system"]
[ECO "A05"]
[Time "23:01:25"]
[TimeControl "2700+45"]

1. Nf3 Nf6 2. c4 b6 3. g3 Bb7 4. Bg2 e6 5. O-O Be7 6. Nc3 c5 7. Re1 d5 8. cxd5
Nxd5 9. d4 cxd4 10. Qxd4 Bf6 11. Qa4+ Bc6 12. Qc2 Nxc3 13. bxc3 Nd7 14. Ba3 Nc5
15. Bxc5 bxc5 16. e4 e5 17. Nd2 O-O 18. Nc4 Rb8 19. h4 Qe8 20. Ne3 Qe6 21. Bf1
Be7 22. Bc4 Qg6 23. Nf5 Qf6 24. Bd5 Bd7 25. Kg2 Rfe8 26. Ne3 Qg6 27. Rh1 h6 28.
Rad1 Red8 29. Qe2 h5 30. Rd2 Bb5 31. Qf3 Bd7 32. Qd1 Bf6 33. f3 Be7 34. Qe2 Be8
35. Nf5 Bf8 36. Rhd1 Qb6 37. Bb3 a5 38. Rxd8 Rxd8 39. Rxd8 Qxd8 40. Ne3 g6 41.
Qd1 Qxd1 42. Bxd1 Bb5 43. c4 Ba6 44. Bb3 Bh6 45. Kf2 Kg7 46. a4 Bc8 47. Bc2 Be6
48. Bd3 f6 49. Ke2 Kf7 50. Kf2 Bd7 51. Bc2 Bc8 52. Ke2 Bh3 {Game drawn by mutual
agreement} 1/2-1/2

[Event "Team 45 45 League T37"]
[Site "Internet Chess Club"]
[Date "2008.05.25"]
[Round "5"]
[White "onslaught"]
[Black "shakkimestari"]
[Result "1/2-1/2"]
[WhiteElo "2149"]
[BlackElo "2119"]
[Opening "Sicilian: dragon, classical attack"]
[ECO "B72"]
[Time "11:54:00"]
[TimeControl "2700+45"]

1. e4 c5 2. Nf3 d6 3. d4 cxd4 4. Nxd4 Nf6 5. Nc3 g6 6. Be2 Bg7 7. Be3 a6 8. f4
b5 9. e5 dxe5 10. fxe5 Nd5 11. Nxd5 Qxd5 12. Nf5 Qxd1+ 13. Rxd1 Bxf5 14. Bf3 O-O
15. Bxa8 Bxc2 16. Rd2 Bf5 17. Bb7 Bxe5 18. O-O Be6 19. b3 {Game drawn by mutual
agreement} 1/2-1/2

[Event "Team 45 45 League T37"]
[Site "Internet Chess Club"]
[Date "2008.05.26"]
[Round "5"]
[White "Speedy-Reedy"]
[Black "Juiceboat"]
[Result "0-1"]
[WhiteElo "1975"]
[BlackElo "2146"]
[Opening "Petrov: modern attack, Symmetrical variation"]
[ECO "C43"]
[Time "11:00:15"]
[TimeControl "2700+45"]

1. e4 e5 2. Nf3 Nf6 3. d4 Nxe4 4. Bd3 d5 5. Nxe5 Nd7 6. Nxd7 Bxd7 7. O-O Bd6 8.
c4 c6 9. cxd5 cxd5 10. Qh5 O-O 11. Qxd5 Bc6 12. Qh5 g6 13. Qh3 Re8 14. Bxe4 Rxe4
15. Be3 Rh4 16. Qg3 Bxg3 17. hxg3 Rh5 {White resigns} 0-1

[Event "Team 45 45 League T37"]
[Site "Internet Chess Club"]
[Date "2008.05.22"]
[Round "5"]
[White "Miles295"]
[Black "Checkmates"]
[Result "0-1"]
[WhiteElo "2164"]
[BlackElo "2486"]
[Opening "KGA: Kieseritsky, Berlin defense"]
[ECO "C39"]
[Time "16:46:45"]
[TimeControl "2700+45"]

1. e4 e5 2. f4 exf4 3. Nf3 g5 4. h4 g4 5. Ne5 Nf6 6. d4 d6 7. Nd3 Nxe4 8. Bxf4
Bg7 9. c3 O-O 10. Nd2 Re8 11. Nxe4 Rxe4+ 12. Kf2 c5 13. d5 c4 14. g3 Qb6+ 15.
Kg2 cxd3 16. Bxd3 Qxb2+ 17. Bd2 Re3 18. Rb1 Qxa2 19. Ra1 Qxd5+ {White resigns}
0-1

[Event "Team 45 45 League T37"]
[Site "Internet Chess Club"]
[Date "2008.05.23"]
[Round "5"]
[White "jorobo"]
[Black "Petrozjan"]
[Result "1-0"]
[WhiteElo "2100"]
[BlackElo "2021"]
[Opening "English: four knights, kingside fianchetto"]
[ECO "A29"]
[Time "14:03:56"]
[TimeControl "2700+45"]

1. c4 e5 2. Nc3 Nc6 3. Nf3 Nf6 4. g3 Bb4 5. Nd5 Nxd5 6. cxd5 Nd4 7. Nxd4 exd4 8.
Qc2 Qe7 9. a3 Bc5 10. Bg2 O-O 11. O-O a5 12. b3 d6 13. e3 Bg4 14. Bb2 dxe3 15.
dxe3 Qg5 16. b4 axb4 17. axb4 Bb6 18. Rxa8 Rxa8 19. Ra1 Rxa1+ 20. Bxa1 h5 21. h4
Qe7 22. Kh2 Bd7 23. Bf3 Bg4 24. Bxg4 hxg4 25. Qf5 Bxe3 26. fxe3 Qxe3 27. Qc8+
Kh7 28. Qf5+ Kg8 29. Qc2 g5 30. hxg5 Qxg5 31. Qc3 Qh6+ 32. Kg1 f6 33. Bb2 f5 34.
Bc1 Qh7 35. Qf6 Qf7 36. Qxf7+ Kxf7 37. Kf2 c6 38. Ke3 Kf6 39. Kd4 Ke7 40. Bg5+
Kd7 41. Bf6 Ke8 42. dxc6 bxc6 43. Ke3 Kf7 44. Bc3 Ke6 45. Kf4 Kd5 46. Kxf5 Kc4
47. Be1 c5 48. bxc5 dxc5 49. Kxg4 Kd3 50. Kf5 {Black resigns} 1-0

[Event "Team 45 45 League T37"]
[Site "Internet Chess Club"]
[Date "2008.05.23"]
[Round "5"]
[White "forketta"]
[Black "Ser-Enigma"]
[Result "1-0"]
[WhiteElo "2019"]
[BlackElo "2125"]
[Opening "QGA: 3.e4"]
[ECO "D20"]
[Time "09:29:45"]
[TimeControl "2700+45"]

1. d4 d5 2. c4 dxc4 3. e4 Nf6 4. e5 Nd5 5. Bxc4 Nb6 6. Bb3 Bf5 7. Be3 e6 8. Ne2
Nc6 9. a3 Qh4 10. Nbc3 O-O-O 11. Qc1 h6 12. O-O g5 13. Rd1 Na5 14. Ba2 Rd7 15.
d5 Nac4 16. Rd4 Qh5 17. Bxc4 Nxc4 18. Ng3 Qg6 19. Rxc4 Bd3 20. Ra4 a6 21. d6 c6
22. Qd2 Bg7 23. Rd1 Bc2 24. Qd4 Bxe5 25. Qxe5 f6 26. Qd4 Bxd1 27. Qxd1 Rhd8 28.
Bc5 f5 29. Rd4 e5 30. Rd2 g4 31. Qb3 b5 32. a4 h5 33. axb5 cxb5 34. Qd5 Kb8 35.
Qc6 Rb7 36. Qxa6 h4 37. Nf1 f4 38. Nxb5 Qe4 39. Nc3 Qe1 40. b4 h3 41. Ra2 {Black
resigns} 1-0

[Event "Team 45 45 League T37"]
[Site "Internet Chess Club"]
[Date "2008.05.24"]
[Round "5"]
[White "chsrules88"]
[Black "Elddir"]
[Result "1/2-1/2"]
[WhiteElo "2058"]
[BlackElo "1992"]
[Opening "Ruy Lopez: closed, 7...O-O"]
[ECO "C88"]
[Time "13:54:56"]
[TimeControl "2700+45"]

1. e4 e5 2. Nf3 Nc6 3. Bb5 a6 4. Ba4 Nf6 5. O-O Be7 6. Re1 b5 7. Bb3 O-O 8. d3
d6 9. h3 Na5 10. c3 Nxb3 11. axb3 Bb7 12. Bg5 h6 13. Bxf6 Bxf6 14. Nbd2 Re8 15.
Nf1 d5 16. Ng3 c5 17. c4 bxc4 18. bxc4 dxc4 19. dxc4 Qxd1 20. Rexd1 Red8 21. Kf1
g6 22. Ke2 h5 23. Ke3 Bg7 24. Ke2 f6 25. Rxd8+ Rxd8 26. Ra5 Bf8 27. h4 Kf7 28.
Nd2 Rd4 29. Ra4 Rd6 30. Ra3 Bh6 31. Rd3 Ke6 32. Nb3 Rc6 33. Na5 Rb6 34. b3 Bf4
35. Nxb7 Rxb7 36. Nf1 a5 37. g3 Bh6 38. Ne3 Bxe3 {Game drawn by mutual
agreement} 1/2-1/2

[Event "Team 45 45 League T37"]
[Site "Internet Chess Club"]
[Date "2008.05.26"]
[Round "5"]
[White "pestka"]
[Black "Gail"]
[Result "1/2-1/2"]
[WhiteElo "2237"]
[BlackElo "2432"]
[Opening "English: Mikenas-Carls, Flohr variation"]
[ECO "A18"]
[Time "09:00:27"]
[TimeControl "2700+45"]

1. c4 Nf6 2. Nc3 e6 3. e4 d5 4. e5 d4 5. exf6 dxc3 6. fxg7 cxd2+ 7. Qxd2 Qxd2+
8. Bxd2 Bxg7 9. O-O-O Nc6 10. Ne2 O-O 11. Bc3 e5 12. f4 Be6 13. b3 e4 14. Bxg7
Kxg7 15. Nc3 f5 16. Be2 a6 17. Kd2 Rad8+ 18. Ke3 Nb4 19. Rxd8 Rxd8 20. Rd1 Nc2+
21. Kf2 Nd4 22. c5 Bf7 23. Rd2 Kf6 24. Bd1 h5 25. Ke3 Nc6 26. Rxd8 Nxd8 27. g3
Nc6 28. h3 Nb4 29. g4 hxg4 30. hxg4 a5 31. gxf5 Kxf5 32. a3 Nd3 33. Nxe4 Nxf4
34. Nd2 Bd5 35. Kd4 c6 36. Bc2+ Ke6 37. Bd1 Kf5 38. Bc2+ {Game drawn by mutual
agreement} 1/2-1/2

[Event "Team 45 45 League T37"]
[Site "Internet Chess Club"]
[Date "2008.05.22"]
[Round "5"]
[White "nissehult"]
[Black "killer21"]
[Result "1/2-1/2"]
[WhiteElo "2047"]
[BlackElo "2235"]
[Opening "Nimzo-Indian: Reshevsky variation"]
[ECO "E46"]
[Time "12:00:14"]
[TimeControl "2700+45"]

1. d4 Nf6 2. c4 e6 3. Nc3 Bb4 4. e3 O-O 5. Ne2 b6 6. a3 Bxc3+ 7. Nxc3 Bb7 8. f3
d6 9. Bd3 c5 10. O-O Qe7 11. Qe2 Nbd7 12. b4 Rac8 13. Bb2 Rfd8 14. Rfd1 d5 15.
dxc5 bxc5 16. b5 Nb6 17. a4 Qc7 18. a5 Nxc4 19. Bxc4 dxc4 20. Rxd8+ Rxd8 21.
Qxc4 Rd2 22. Bc1 Rd8 23. Bb2 Rd2 24. Bc1 Rd8 25. Bb2 {Game drawn by repetition}
1/2-1/2

[Event "Team 45 45 League T37"]
[Site "Internet Chess Club"]
[Date "2008.05.24"]
[Round "5"]
[White "gezira"]
[Black "PandorasBox"]
[Result "0-1"]
[WhiteElo "2217"]
[BlackElo "2132"]
[Opening "French: Steinitz, Boleslavsky variation"]
[ECO "C11"]
[Time "15:30:48"]
[TimeControl "2700+45"]

1. e4 e6 2. d4 d5 3. Nc3 Nf6 4. e5 Nfd7 5. f4 c5 6. Nf3 Nc6 7. Be3 Qb6 8. Rb1
cxd4 9. Nxd4 Bc5 10. Na4 Qa5+ 11. c3 Bxd4 12. Bxd4 Nxd4 13. b4 Nf3+ 14. Kf2 Qc7
15. Qxf3 O-O 16. Bd3 g6 17. Rhe1 f6 18. exf6 Rxf6 19. g3 b6 20. c4 Bb7 21. cxd5
e5 22. f5 gxf5 23. Bb5 Qd6 24. Bxd7 Qxd7 25. Nc3 Qd6 26. Nb5 Qe7 27. Qb3 Rf7 28.
Kg1 Qd7 29. Nc3 Qd6 30. Nb5 Qd7 31. Nc3 Qd6 32. Nb5 Qf6 33. Nc3 Rc8 34. Rbd1 Kg7
35. d6 Rd8 36. Nb5 f4 37. Qb2 a6 38. Nc7 fxg3 39. hxg3 Kg8 40. Rxe5 Rdf8 41. Qe2
Bf3 42. Rf1 Qh6 43. Qh2 Bc6 44. Rf4 Qg7 45. Rxf7 Rxf7 46. d7 Bxd7 47. Qe2 Qxg3+
48. Qg2 Qxg2+ 49. Kxg2 Bc6+ 50. Kg3 Rxc7 51. Kf4 Kg7 52. Re6 a5 53. bxa5 bxa5
54. Re5 a4 55. Rg5+ Kf6 56. Rc5 Ke6 57. Ke3 Kd6 58. Kd4 Rb7 59. Rh5 Rg7 60. Rh6+
Kc7 61. Kc3 Be8 62. Re6 Rg3+ 63. Kb4 Rg4+ 64. Kc5 Rc4+ 65. Kxc4 Bf7 66. a3 Bxe6+
67. Kd4 h5 68. Ke5 h4 69. Kf4 Kc6 {White resigns} 0-1

[Event "Team 45 45 League T37"]
[Site "Internet Chess Club"]
[Date "2008.05.25"]
[Round "5"]
[White "Kolibri"]
[Black "kingcapture"]
[Result "1/2-1/2"]
[WhiteElo "2037"]
[BlackElo "2228"]
[Opening "Sicilian: Alapin's variation (2.c3)"]
[ECO "B22"]
[Time "12:00:17"]
[TimeControl "2700+45"]

1. e4 c5 2. c3 d5 3. exd5 Qxd5 4. d4 Nf6 5. Nf3 Bg4 6. Be2 e6 7. Na3 Bd6 8. Nb5
cxd4 9. Nxd6+ Qxd6 10. Qxd4 Qxd4 11. Nxd4 Bxe2 12. Kxe2 a6 13. c4 Nbd7 14. b3
O-O 15. Ba3 Rfe8 16. Rhd1 Ne4 17. Bb2 Rad8 18. f3 Nec5 19. Nc2 Nb8 20. Nb4 f6
21. Bd4 Ncd7 22. Be3 a5 23. Nd3 Nc6 24. Nc5 Nxc5 25. Bxc5 e5 26. Bb6 Nd4+ 27.
Bxd4 exd4+ 28. Kd2 f5 29. Re1 f4 30. Re4 Rxe4 31. fxe4 g5 32. Kd3 Kf7 33. Re1
Ke6 34. e5 Kf5 35. e6 g4 36. e7 Re8 37. Kxd4 f3 38. Re5+ Kf6 39. gxf3 gxf3 40.
Re3 Rxe7 41. Rxf3+ Kg5 42. h3 b6 43. a3 Rd7+ 44. Kc3 Rd1 45. a4 h5 46. Kc2 Rh1
47. Kd3 Kh4 48. Rf6 Rxh3+ 49. Kc2 Rh2+ 50. Kc3 Rh3+ 51. Kc2 Rh2+ 52. Kc3 Rh3+
53. Kc2 {Game drawn by repetition} 1/2-1/2

[Event "Team 45 45 League T37"]
[Site "Internet Chess Club"]
[Date "2008.05.24"]
[Round "5"]
[White "fledermaus"]
[Black "LeSacAttack"]
[Result "1/2-1/2"]
[WhiteElo "2031"]
[BlackElo "2254"]
[Opening "Budapest: Fajarowicz variation"]
[ECO "A51"]
[Time "14:13:48"]
[TimeControl "2700+45"]

1. d4 Nf6 2. c4 e5 3. dxe5 Ne4 4. Nd2 Nc5 5. Ngf3 Nc6 6. e3 d6 7. Nb3 dxe5 8.
Qxd8+ Kxd8 9. Nxc5 Bxc5 10. a3 a5 11. b3 Bf5 12. Bb2 f6 13. Be2 Bc2 14. Nd2 Ke7
15. Rc1 Bf5 16. Nb1 Rad8 17. Nc3 h5 18. Nd5+ Kd7 {Game drawn by mutual
agreement} 1/2-1/2

[Event "Team 45 45 League T37"]
[Site "Internet Chess Club"]
[Date "2008.05.25"]
[Round "5"]
[White "Qui"]
[Black "Holzschlange"]
[Result "0-1"]
[WhiteElo "1957"]
[BlackElo "1923"]
[Opening "Benoni: classical with e4 and Nf3"]
[ECO "A70"]
[Time "10:00:48"]
[TimeControl "2700+45"]

1. d4 Nf6 2. c4 c5 3. d5 e6 4. Nc3 exd5 5. cxd5 d6 6. e4 g6 7. Nf3 Bg7 8. Bd3 a6
9. a4 Bg4 10. O-O O-O 11. h3 Bxf3 12. Qxf3 Nbd7 13. Bf4 Ne8 14. Ne2 Ne5 15. Qe3
b6 16. Rab1 f5 17. b3 Nc7 18. Rfd1 Kh8 19. Bh6 Bxh6 20. Qxh6 Nxd3 21. Rxd3 fxe4
22. Rd2 Qf6 23. Ng3 Rae8 24. Qe3 Qe5 25. Rbd1 b5 26. b4 cxb4 27. Qb6 e3 28. Re2
Nxd5 29. Rxd5 Qxd5 30. Rxe3 Rxe3 31. Qxe3 bxa4 32. Qe7 Qf7 33. Qxd6 Qxf2+ 34.
Kh2 b3 35. Qxa6 b2 36. Qb5 a3 37. Qb3 Qd4 38. Qxa3 Rb8 {White resigns} 0-1

[Event "Team 45 45 League T37"]
[Site "Internet Chess Club"]
[Date "2008.05.27"]
[Round "5"]
[White "noHz"]
[Black "nardz"]
[Result "0-1"]
[WhiteElo "2166"]
[BlackElo "2150"]
[Opening "QGD Slav: 4.Nc3"]
[ECO "D15"]
[Time "11:23:23"]
[TimeControl "2700+45"]

1. d4 d5 2. c4 c6 3. Nc3 Nf6 4. Nf3 a6 5. a4 e6 6. Bg5 Be7 7. e3 O-O 8. Be2 b6
9. O-O Bb7 10. cxd5 exd5 11. Qc2 Nbd7 12. Rfc1 Rc8 13. Bd3 h6 14. Bh4 Re8 15. h3
Bd6 16. Ne2 Qc7 17. Bg3 Ne4 18. Bxe4 Rxe4 19. Bxd6 Qxd6 20. Ng3 Ree8 21. Qb3 Qc7
22. Rc3 c5 23. Rac1 c4 24. Qa3 g6 25. Qb4 Bc6 26. h4 h5 27. Ne2 Kg7 28. Nf4 Nf6
29. Ne5 Ne4 30. R3c2 Rb8 31. Nxc4 dxc4 32. Rxc4 Qd8 33. Rxc6 Qxh4 34. Qe1 g5 35.
Nd3 g4 36. g3 Qg5 37. Nf4 h4 38. Rc7 Re7 39. Qe2 Rbe8 40. Kg2 Nxg3 41. Qd3 Ne4
42. R1c6 h3+ 43. Kg1 h2+ 44. Kxh2 g3+ 45. Kg2 gxf2+ 46. Kf3 Qg3+ 47. Ke2 f1=Q+
{White resigns} 0-1

[Event "Team 45 45 League T37"]
[Site "Internet Chess Club"]
[Date "2008.05.25"]
[Round "5"]
[White "NFork"]
[Black "palito"]
[Result "1/2-1/2"]
[WhiteElo "2226"]
[BlackElo "2127"]
[Opening "Trompowsky attack (Ruth, Opocenský opening)"]
[ECO "A45"]
[Time "10:57:50"]
[TimeControl "2700+45"]

1. d4 Nf6 2. Bg5 c5 3. d5 Qb6 4. Nc3 Qxb2 5. Bd2 Qb6 6. e4 d6 7. f4 e6 8. Rb1
Qc7 9. Bc4 exd5 10. Nxd5 Nxd5 11. Bxd5 Be7 12. Ne2 O-O 13. O-O Nc6 14. Bc3 Rb8
15. Ng3 Be6 16. Bxe6 fxe6 17. Qg4 e5 18. Nh5 Bf6 19. Nxf6+ Rxf6 20. fxe5 Rxf1+
21. Rxf1 Nxe5 22. Bxe5 dxe5 23. Qe6+ Kh8 24. Rf7 Qa5 25. Qxe5 Qe1+ 26. Rf1 Qe3+
27. Kh1 Rg8 28. h3 Qe2 29. Rf7 Qxc2 30. Rxb7 c4 31. Rxa7 c3 32. Rc7 Qc1+ 33. Kh2
c2 34. Qc3 Qf4+ 35. Kg1 Qc1+ 36. Kh2 Qf4+ 37. Kg1 Qc1+ {Game drawn by mutual
agreement} 1/2-1/2

[Event "Team 45 45 League T37"]
[Site "Internet Chess Club"]
[Date "2008.05.24"]
[Round "5"]
[White "kolibandi"]
[Black "eurander"]
[Result "1/2-1/2"]
[WhiteElo "2054"]
[BlackElo "2145"]
[Opening "Caro-Kann: anti-anti-Caro-Kann defense"]
[ECO "B10"]
[Time "06:03:40"]
[TimeControl "2700+45"]

1. e4 c6 2. c4 d5 3. exd5 cxd5 4. cxd5 Nf6 5. Nc3 Nxd5 6. Bc4 Nb6 7. Bb3 g6 8.
Nf3 Bg7 9. d4 Nc6 10. Be3 O-O 11. O-O Bg4 12. h3 Bxf3 13. Qxf3 Na5 14. Rfd1 Nxb3
15. axb3 Qd7 16. Ne4 Qd5 17. Nc5 Qxf3 18. gxf3 Nd5 19. Nxb7 Rfb8 20. Nc5 Rb5 21.
Ra6 Nxe3 22. fxe3 e5 23. Rc6 exd4 24. exd4 Rd8 25. d5 Bf8 26. d6 Rxd6 27. Rdxd6
Bxd6 28. Rxd6 Rxc5 29. Ra6 Rb5 30. Rxa7 Rxb3 31. Kg2 Rxb2+ 32. Kg3 Kg7 33. Ra5
h5 34. h4 Re2 35. Rb5 Kf6 36. Rb6+ Kf5 37. Rb7 f6 38. Rb8 g5 39. hxg5 fxg5 40.
Rf8+ Kg6 41. Rg8+ Kf6 42. Rf8+ Kg7 43. Ra8 Re1 44. Ra7+ Kg6 45. Ra6+ Kf5 46. Ra8
h4+ 47. Kf2 Re6 48. Rf8+ Rf6 49. Rh8 Kf4 50. Rh7 Rf8 51. Rh6 Ra8 52. Rf6+ Ke5
53. Rf7 Ke6 54. Rh7 Kf6 55. Rb7 Ra2+ 56. Ke3 Kg6 57. Rb8 Ra7 58. Kf2 Ra2+ 59.
Ke3 Ra4 60. Rh8 Ra7 61. f4 Ra3+ 62. Kf2 g4 63. Rxh4 Kf5 64. Rh8 Rf3+ 65. Kg2
Rxf4 66. Rf8+ Ke4 67. Rxf4+ Kxf4 68. Kf2 {Game drawn by mutual agreement}
1/2-1/2

[Event "Team 45 45 League T37"]
[Site "Internet Chess Club"]
[Date "2008.05.22"]
[Round "5"]
[White "Stav"]
[Black "Archdruid"]
[Result "1-0"]
[WhiteElo "1767"]
[BlackElo "1665"]
[Opening "QGD: Albin counter-gambit"]
[ECO "D08"]
[Time "09:00:19"]
[TimeControl "2700+45"]

1. d4 d5 2. c4 e5 3. dxe5 d4 4. Nf3 Nc6 5. Bf4 Bf5 6. a3 Qd7 7. g3 h6 8. Bg2 g5
9. Bd2 Be7 10. O-O Bh3 11. b4 Bxg2 12. Kxg2 g4 13. Ne1 Nxe5 14. Nd3 Nxc4 15. Bf4
Bg5 16. Nd2 Nxd2 17. Bxd2 O-O-O 18. Rc1 Nf6 19. Nc5 Qd5+ 20. Kg1 Ne4 21. Nxe4
Qxe4 22. f4 gxf3 23. exf3 Be3+ 24. Kg2 Qd3 25. Bxe3 Qxd1 26. Rfxd1 dxe3 27. Re1
Rd2+ 28. Kh3 Re8 29. f4 e2 30. Kg2 Red8 31. Kf2 Rd1 32. Kxe2 R1d2+ 33. Kf3 Rxh2
34. Re7 f5 35. Rcxc7+ Kb8 36. Rxb7+ Ka8 37. Rxa7+ Kb8 38. Reb7+ Kc8 39. Ra8+
Kxb7 40. Rxd8 Ra2 41. Rd3 Ra1 42. g4 fxg4+ 43. Kxg4 Kc6 44. f5 Rh1 45. Rh3 Rg1+
46. Kh5 Rf1 47. Kg6 Kd6 48. Rxh6 Ke5 49. Rh7 Rg1+ 50. Kh6 Kxf5 51. Rf7+ Ke6 52.
Rf3 Kd6 53. a4 Kc6 54. Rc3+ Kb6 55. Rb3 Ra1 56. a5+ Kb5 57. Kg5 Rf1 58. Kg4 Rf2
59. Rf3 Rg2+ 60. Kh3 Rb2 61. Rf4 Rd2 62. Kg4 Rd8 63. Kf5 Re8 64. Re4 Rh8 65. Ke6
Rh6+ 66. Kd5 Rh5+ 67. Kd6 Rh6+ 68. Re6 Rh4 69. a6 Kxa6 70. Kc5+ Kb7 71. Re7+ Kb8
72. b5 Rh6 73. Rd7 Rh1 74. Kb6 Rh6+ 75. Ka5 Rh1 76. Ka6 Ra1+ 77. Kb6 Kc8 78. Rh7
Rb1 79. Rh8+ Kd7 80. Rh7+ Kc8 81. Rh5 Rg1 82. Rh8+ Kd7 83. Kb7 Rg7 84. b6 Kd6+
85. Ka6 Rg6 86. Ka7 Rg1 87. Rh6+ Kd7 88. b7 {Black resigns} 1-0

[Event "Team 45 45 League T37"]
[Site "Internet Chess Club"]
[Date "2008.05.29"]
[Round "5"]
[White "rubashov"]
[Black "burnsja2003"]
[Result "1-0"]
[WhiteElo "1583"]
[BlackElo "1601"]
[Opening "Sicilian: Taimanov variation"]
[ECO "B45"]
[Time "18:02:19"]
[TimeControl "2700+45"]

1. e4 c5 2. Nf3 e6 3. d4 cxd4 4. Nxd4 Nc6 5. Nc3 d6 6. Be3 Nf6 7. Be2 Be7 8. O-O
O-O 9. Qd2 a6 10. f4 Qc7 11. Rad1 Nxd4 12. Bxd4 e5 13. Be3 exf4 14. Bxf4 Qb6+
15. Be3 Qxb2 16. Rb1 Qa3 17. Rb3 Qa5 18. Nd5 Qd8 19. Bb6 Qd7 20. Nxf6+ Bxf6 21.
Rxf6 gxf6 22. Rg3+ Kh8 23. Qh6 {Black resigns} 1-0

[Event "Team 45 45 League T37"]
[Site "Internet Chess Club"]
[Date "2008.05.25"]
[Round "5"]
[White "Mfalme"]
[Black "mal57"]
[Result "1/2-1/2"]
[WhiteElo "1362"]
[BlackElo "1391"]
[Opening "Two knights defense"]
[ECO "C57"]
[Time "22:56:57"]
[TimeControl "2700+45"]

1. e4 e5 2. Bc4 Nc6 3. Nf3 Nf6 4. Ng5 d5 5. exd5 Nxd5 6. Qf3 Qxg5 7. Bxd5 Qg6 8.
Bxc6+ Qxc6 9. Qxc6+ bxc6 10. Nc3 Bd6 11. d3 O-O 12. O-O c5 13. Ne2 Bb7 14. c4 e4
15. dxe4 Bxe4 16. Bf4 Bd3 17. Bxd6 Bxe2 18. Bxf8 Bxf1 19. Kxf1 Kxf8 20. b3 Rb8
21. Rd1 Ke8 22. Rd5 Rd8 23. Rxc5 Kd7 24. Rd5+ Kc8 25. Rxd8+ Kxd8 26. Ke2 Kd7 27.
Kd3 Ke6 28. Ke4 Kd6 29. f4 f6 30. g4 Ke6 31. h4 g6 32. b4 c6 33. a4 f5+ 34.
gxf5+ gxf5+ 35. Kd4 Kd6 36. b5 c5+ 37. Kc3 Kc7 38. a5 Kb7 39. Kb3 a6 40. b6 h5
41. Kc3 Kc6 42. Kd3 Kb7 43. Ke3 Kc6 44. Kd2 Kb7 {Game drawn by mutual agreement}
1/2-1/2

[Event "Team 45 45 League T37"]
[Site "Internet Chess Club"]
[Date "2008.06.01"]
[Round "5"]
[White "sean98"]
[Black "sra66"]
[Result "1-0"]
[WhiteElo "1684"]
[BlackElo "1546"]
[Opening "Sicilian: O'Kelly variation"]
[ECO "B28"]
[Time "16:26:54"]
[TimeControl "2700+45"]

1. e4 c5 2. Nf3 a6 3. d4 cxd4 4. Nxd4 Nf6 5. Nc3 e5 6. Nb3 Bb4 7. Bg5 O-O 8. Qf3
d6 9. h3 Be6 10. Be2 Nc6 11. O-O Bxb3 12. axb3 Nd4 13. Qd3 Nxe2+ 14. Qxe2 Rc8
15. Nd5 h6 16. Nxf6+ gxf6 17. Bxh6 Qd7 18. Qf3 f5 19. Qg3+ {Black resigns} 1-0

[Event "Team 45 45 League T37"]
[Site "Internet Chess Club"]
[Date "2008.05.24"]
[Round "5"]
[White "houseofcook"]
[Black "DonPacheco"]
[Result "0-1"]
[WhiteElo "1426"]
[BlackElo "1831"]
[Opening "Sicilian: Smith-Morra gambit"]
[ECO "B21"]
[Time "11:00:21"]
[TimeControl "2700+45"]

1. e4 c5 2. d4 cxd4 3. c3 dxc3 4. Nxc3 Nc6 5. Nf3 e6 6. Bc4 Qc7 7. Bb3 Nf6 8.
O-O Be7 9. Re1 O-O 10. e5 Ng4 11. Bf4 Bc5 12. Re2 f6 13. h3 Ngxe5 14. Bxe5 Nxe5
15. Nxe5 fxe5 16. Ne4 Be7 17. Rc1 Qb6 18. Rec2 d5 19. Nc5 Bxc5 20. Rxc5 Bd7 21.
Qe2 Rac8 22. Qe3 Rxc5 23. Rxc5 e4 24. Qc1 d4 25. Rc7 Bb5 26. Re7 d3 27. Bxe6+
Kh8 28. Qg5 Qxf2+ 29. Kh2 Qf6 30. Qxf6 gxf6 31. Bf5 d2 32. Bg4 Re8 33. Rxb7 a6
34. Bd1 e3 35. Bc2 e2 36. Rxh7+ Kg8 {White resigns} 0-1

[Event "Team 45 45 League T37"]
[Site "Internet Chess Club"]
[Date "2008.05.23"]
[Round "5"]
[White "kingphisch"]
[Black "AtomicDog"]
[Result "1-0"]
[WhiteElo "1407"]
[BlackElo "1311"]
[Opening "Sicilian: closed"]
[ECO "B23"]
[Time "13:08:05"]
[TimeControl "2700+45"]

1. e4 c5 2. Nc3 d6 3. f4 g6 4. Nf3 Bg7 5. Bb5+ Nc6 6. O-O a6 7. Bxc6+ bxc6 8. d3
e6 9. Qe1 Ne7 10. Rb1 O-O 11. Qh4 f5 12. e5 h6 13. Ne2 d5 14. Bd2 a5 15. Qg3 d4
16. Nh4 Kh7 17. Nf3 Nd5 18. Nh4 Qe8 19. c3 dxc3 20. bxc3 Ba6 21. c4 Nb4 22. a3
Nc2 23. a4 Nd4 24. Nxd4 cxd4 25. Nf3 Qd8 26. Qf2 c5 27. Qe1 Bc8 28. Rb5 Ba6 29.
Rxc5 Qd7 30. Bxa5 Rfc8 31. Rxc8 Rxc8 32. Qb4 Bf8 33. Qb6 Ra8 34. Rb1 Qxa4 35.
Nxd4 Bxc4 36. Qb7+ Bg7 37. Qxa8 Bxd3 38. Rb4 Qa1+ 39. Kf2 Qa2+ 40. Kg3 Qa1 41.
Nxe6 Qe1+ 42. Kh3 Qe3+ 43. Qf3 Qd2 44. Nxg7 Kxg7 45. Rb7+ Kf8 46. Bxd2 {Black
resigns} 1-0

[Event "Team 45 45 League T37"]
[Site "Internet Chess Club"]
[Date "2008.05.25"]
[Round "5"]
[White "archae13"]
[Black "oldsj"]
[Result "0-1"]
[WhiteElo "1322"]
[BlackElo "1529"]
[Opening "Four knights: Italian variation"]
[ECO "C55"]
[Time "11:01:34"]
[TimeControl "2700+45"]

1. e4 e5 2. Nf3 Nc6 3. Bc4 Nf6 4. Nc3 Bb4 5. d3 d5 6. Bb5 Qe7 7. O-O dxe4 8.
dxe4 Bd7 9. Be3 a6 10. Ba4 O-O-O 11. a3 Bxc3 12. bxc3 Nxe4 13. Qd3 Bf5 14. Qc4
Na5 15. Qb4 Qxb4 16. cxb4 Nc4 17. Bb3 Nxe3 18. fxe3 f6 19. Nxe5 Bg6 20. Nxg6
hxg6 21. Rad1 Nc3 22. Rd3 Ne2+ 23. Kf2 Rxd3 24. cxd3 Nc3 25. Rc1 Nb5 26. a4 Nd6
27. e4 Rxh2 28. Re1 Rh8 29. e5 fxe5 30. Rxe5 Rf8+ 31. Kg1 Kd8 32. Rg5 Nf5 33.
Rxg6 Nd4 34. Bd5 Ne2+ 35. Kh2 Rh8+ {White resigns} 0-1

[Event "Team 45 45 League T37"]
[Site "Internet Chess Club"]
[Date "2008.05.27"]
[Round "5"]
[White "nanning"]
[Black "cityprosecutor"]
[Result "0-1"]
[WhiteElo "1597"]
[BlackElo "1795"]
[Opening "Sicilian: Alapin's variation (2.c3)"]
[ECO "B22"]
[Time "15:00:36"]
[TimeControl "2700+45"]

1. e4 c5 2. c3 d5 3. exd5 Qxd5 4. d4 Nf6 5. Na3 a6 6. c4 Qxd4 7. Qxd4 cxd4 8.
Nf3 Nc6 9. Bf4 Nd7 10. O-O-O e5 11. Re1 f6 12. Nc2 Bc5 13. Nxe5 fxe5 14. Bxe5
O-O 15. Bg3 Nf6 16. Bd3 Nb4 17. Nxb4 Bxb4 18. Re2 Kh8 19. a3 Ba5 20. b4 Bb6 21.
c5 Ba7 22. Re7 Nd5 23. Re5 Nc3 24. Re7 Bb8 25. Rhe1 Bxg3 26. fxg3 Nd5 27. R7e5
Ne3 28. Rh5 Bf5 29. Bxf5 Nxf5 30. g4 g6 31. Rg5 Ne3 32. Kd2 Kg7 33. Kd3 Kf6 34.
Rxe3 dxe3 35. Rd5 Rad8 36. Rxd8 Rxd8+ 37. Kxe3 Ke5 38. h4 Rd1 39. h5 gxh5 40.
gxh5 Ra1 41. g4 Rxa3+ 42. Kf2 Kf4 {White resigns} 0-1

[Event "Team 45 45 League T37"]
[Site "Internet Chess Club"]
[Date "2008.05.26"]
[Round "5"]
[White "mickeys"]
[Black "SATELLITE-DAN"]
[Result "1-0"]
[WhiteElo "1832"]
[BlackElo "1636"]
[Opening "QGD: 6.Nf3"]
[ECO "D55"]
[Time "19:01:01"]
[TimeControl "2700+45"]

1. d4 d5 2. Nf3 Nf6 3. c4 e6 4. Bg5 Be7 5. e3 O-O 6. Nc3 c6 7. Bd3 dxc4 8. Bxc4
b5 9. Bd3 Nd5 10. Bxe7 Qxe7 11. Rc1 Nf6 12. O-O Nbd7 13. Ne4 Bb7 14. Nxf6+ Nxf6
15. Ne5 Rac8 16. Rc5 Rfd8 17. Qc2 Rd5 18. Nxc6 Bxc6 19. Rxc6 Rxc6 20. Qxc6 Rh5
21. Bxb5 g6 22. Be2 Rg5 23. Rc1 Qb4 24. Qc3 Qb7 25. Bf3 Qxf3 26. g3 Ne4 27. Qe1
Rh5 28. Rc2 Ng5 29. h4 Ne4 30. Qe2 Qf6 31. Kg2 Ra5 32. b3 Rf5 33. f4 h6 34. Qf3
Nd6 35. e4 Nxe4 36. Qxe4 Rd5 37. Rc4 g5 38. hxg5 hxg5 39. fxg5 Qxg5 40. Qf4 Qg6
41. Qf2 Rf5 42. Qc2 Qh6 43. Rc5 Rf6 44. Qc1 Kh7 45. Qxh6+ {Black resigns} 1-0